AoeStats
← Diosito

Black Forest

506272901Analyzed
4v4 RM · 20d ago on Sep 13, 2026· 32m 27s· 8 players
Game mode
Random Map
Map size
Large (8 player)
Population
200
Speed
Normal
Resources
Standard
Victory
Conquest
Starting age
Dark Age
Ending age
Imperial Age
RankedLock teamsTeams togetherTeam positionsShared explorationLock speedFull tech treeHidden civsTurbo modeCheats
Victory
Defeat
🇲🇽 Britons · Mexico
1163
+12
🇺🇸 Turks · United States
1086
+15
🇲🇽 Celts · Mexico
1084
+15
🇲🇽 Magyars · Mexico
929
+20
🇧🇷 Spanish · Brazil
1102
-17
🇦🇷 Chinese · Argentina
1092
-17
🇲🇽 Koreans · Mexico
1023
-14
🇨🇱 Malay · Chile
1018
-14
mariourigar
12:19 Feudal Age
10:54 Loom
13:12 Double-Bit Axe
15:05 Bloodlines
15:27 Arson
28:02 Wheelbarrow
29:02 Wheelbarrow
30:47 Gold Mining
31:52 Horse Collar
El Fantasma de Pancho Villa
15:16 Feudal Age
19:15 Castle Age
17:25 Double-Bit Axe
18:56 Horse Collar
23:27 Imperial Age
20:51 Gold Mining
20:53 Fishing Lines
21:21 Padded Archer Armor
22:55 Leather Archer Armor
23:43 Wheelbarrow
25:16 Ring Archer Armor
Huesped Maldito
0:41 Loom
13:17 Feudal Age
14:07 Double-Bit Axe
20:36 Castle Age
18:44 Gold Mining
20:21 Man-at-Arms
21:54 Wheelbarrow
21:41 Bow Saw
21:23 Gambesons
21:34 Long Swordsman
22:50 Forging
22:41 Scale Mail Armor
23:02 Horse Collar
24:30 Gold Shaft Mining
24:25 Fishing Lines
32:49 Hand Cart
Boywars
0:28 Loom
12:51 Feudal Age
17:59 Castle Age
16:21 Fletching
17:55 Double-Bit Axe
20:52 Bodkin Arrow
25:56 Crossbowman
30:11 Padded Archer Armor
31:13 Bow Saw
Angry Wolves
7:13 Loom
10:34 Feudal Age
15:00 Castle Age
13:55 Double-Bit Axe
16:54 Bow Saw
20:39 Horse Collar
23:17 Gold Mining
23:28 Heavy Plow
25:56 Wheelbarrow
25:54 Masonry
26:21 Town Watch
28:41 Fletching
29:18 Hand Cart
29:15 Scale Barding Armor
29:20 Forging
32:16 Imperial Age
29:49 Town Patrol
31:39 Caravan
EL PAJA
12:03 Feudal Age
18:41 Castle Age
19:15 Double-Bit Axe
21:01 Loom
21:51 Wheelbarrow
21:14 Fishing Lines
22:01 Gillnets
22:44 Town Watch
24:22 Bow Saw
24:46 Fletching
24:57 Padded Archer Armor
25:57 Elite Skirmisher
27:54 Ballistics
27:32 Bodkin Arrow
27:52 Leather Archer Armor
SER
6:56 Loom
11:12 Feudal Age
11:14 Man-at-Arms
12:15 Arson
12:51 Double-Bit Axe
14:07 Fletching
15:42 Forging
15:27 Horse Collar
18:44 Forging
23:05 Gold Mining
23:26 Stone Mining
25:51 Castle Age
26:48 Bow Saw
26:38 Heavy Plow
26:34 Bodkin Arrow
Diosito
0:28 Loom
13:42 Feudal Age
19:27 Castle Age
19:44 Double-Bit Axe
29:18 Scale Barding Armor
Connection lost

Rejoining the realm…

Still unreachable

The connection could not be restored.

Session expired

The server has moved on; the page needs a fresh start.